[Event "ICCopen2017"]
[Site "Internet Chess Club"]
[Date "2017.03.25"]
[Round "9"]
[White "Bojack"]
[Black "BlackHorse96"]
[Result "0-1"]
[ICCResult "White resigns"]
[WhiteElo "2043"]
[BlackElo "3050"]
[Opening "Alekhine's defense: modern, Larsen variation"]
[ECO "B04"]
[NIC "AL.05"]
[Time "15:45:40"]
[TimeControl "180+0"]

1. e4 Nf6 2. e5 Nd5 3. d4 d6 4. Nf3 dxe5 5. Nxe5 c6 6. Be2 Bf5 7. O-O Nd7 8.
Nd3 e6 9. c4 N5f6 10. Nc3 Be7 11. f4 h5 12. Ne5 h4 13. Bf3 Nxe5 14. fxe5 Nd7
15. Be4 g6 16. Kh1 Qc7 17. Qf3 O-O-O 18. Rb1 Nb6 19. c5 Nd5 20. Nxd5 Rxd5
21. Bxd5 cxd5 22. Bf4 Be4 23. Qe3 h3 24. Kg1 hxg2 25. Rfe1 Bh4 26. Bg3 Bxg3
27. Qxg3 Bxb1 28. Rxb1 Qa5 29. a3 Qd2 30. Qc3 Qf4 31. Qg3 Qxd4+ 32. Kxg2
Qe4+ 33. Qf3 Rxh2+ 34. Kxh2 Qxf3 {White resigns} 0-1

[Event "ICCopen2017"]
[Site "Internet Chess Club"]
[Date "2017.03.25"]
[Round "9"]
[White "pehuensur"]
[Black "Mandragora"]
[Result "1-0"]
[ICCResult "Black forfeits on time"]
[WhiteElo "1483"]
[BlackElo "1571"]
[Opening "Sicilian: Najdorf, Polugayevsky variation"]
[ECO "B96"]
[NIC "SI.07"]
[Time "15:44:13"]
[TimeControl "180+0"]

1. e4 c5 2. Nf3 d6 3. d4 cxd4 4. Nxd4 Nf6 5. Nc3 a6 6. Bg5 e6 7. f4 b5 8.
Qd2 Be7 9. Be2 b4 10. Na4 Nxe4 11. Qe3 Nxg5 12. fxg5 Bxg5 13. Qe4 d5 14. Qg4
e5 15. Nf5 g6 16. Qg3 Bxf5 17. Qxe5+ Kd7 18. Qxd5+ Kc8 19. Qxa8 Bd2+ 20. Kf1
Re8 21. Bxa6+ Kd7 22. Bb5+ Ke7 23. Bxe8 Kxe8 24. Qf3 Bxc2 25. Qe2+ Kf8 26.
b3 Bd3 27. Rd1 Bxe2+ 28. Kxe2 Qg5 29. Rxd2 Qxg2+ 30. Kd3 Qxh1 31. Kc2 Qc6+
32. Kd1 Na6 33. Nb2 f5 34. Nc4 f4 35. Rd6 f3 36. Rxc6 f2 37. Ke2 f1=Q+ 38.
Kxf1 Nb8 39. Rc8+ Kg7 40. Rxb8 Kh6 41. Rxb4 Kh5 42. Rb7 Kh4 43. Rb6 Kh3 44.
Rxg6 {Black forfeits on time} 1-0

[Event "ICCopen2017"]
[Site "Internet Chess Club"]
[Date "2017.03.25"]
[Round "9"]
[White "touchthis"]
[Black "Vogel"]
[Result "0-1"]
[ICCResult "White checkmated"]
[WhiteElo "1373"]
[BlackElo "2195"]
[Opening "Bird's opening"]
[ECO "A03"]
[NIC "VO.07"]
[Time "15:46:22"]
[TimeControl "180+0"]

1. f4 d5 2. Nf3 Nf6 3. e3 Bg4 4. Be2 c5 5. Bb5+ Nc6 6. O-O e6 7. Qe1 Bxf3 8.
Rxf3 Bd6 9. d3 O-O 10. Nd2 Qc7 11. e4 Bxf4 12. Bxc6 bxc6 13. exd5 exd5 14.
Qf2 Be5 15. c3 Bxh2+ 16. Kh1 Be5 17. Nb3 Ng4 18. Qf1 f5 19. Bf4 Bxf4 20.
Rxf4 Ne3 21. Qf3 Ng4 22. Nxc5 Qd6 23. d4 Qh6+ 24. Kg1 Qh2+ 25. Kf1 Qh1+ 26.
Ke2 Qxa1 27. Rxf5 Qxb2+ 28. Kd3 Qb5+ 29. Kc2 Nf6 30. Ne6 Rf7 31. Ng5 Re7 32.
Qh3 Re2+ 33. Kd1 Rae8 34. Rxf6 Qb1# {White checkmated} 0-1

[Event "ICCopen2017"]
[Site "Internet Chess Club"]
[Date "2017.03.25"]
[Round "9"]
[White "CIROVICZCHESS"]
[Black "carpedef"]
[Result "0-1"]
[ICCResult "White forfeits on time"]
[WhiteElo "1578"]
[BlackElo "1768"]
[Opening "Sicilian defense"]
[ECO "B40"]
[NIC "SI.43"]
[Time "15:44:21"]
[TimeControl "180+0"]

1. e4 c5 2. Nf3 e6 3. Bc4 a6 4. c3 b5 5. Bb3 Bb7 6. d3 d6 7. O-O Nf6 8. Bg5
Be7 9. Nbd2 Qc7 10. a4 Nbd7 11. axb5 axb5 12. Rxa8+ Bxa8 13. Re1 O-O 14. d4
cxd4 15. cxd4 Rd8 16. e5 dxe5 17. dxe5 Nd5 18. Bxd5 Bxg5 19. Bxa8 Bxd2 20.
Qxd2 Rxa8 21. Rc1 Qb7 22. Qd6 h6 23. h3 Rc8 24. Rxc8+ Qxc8 25. b4 Nf8 26.
Kh2 Qc4 27. Qc5 Qe2 28. Nd4 Qxf2 29. Nxb5 Qf4+ 30. Kg1 Ng6 31. Nc3 Nxe5 32.
Ne2 Qe4 33. Kf1 Nd3 34. Qc8+ Kh7 35. Qc2 Qf5+ 36. Kg1 Nxb4 37. Qxf5+ exf5
38. Nd4 Kg6 39. Kf2 Kf6 40. Nb5 Nc6 41. Kf3 g5 42. Kg3 Ne5 43. Kf2 f4 44.
Nd6 Kg6 45. Ne8 f5 46. Nd6 h5 47. Kf1 g4 48. h4 f3 49. g3 Nf7 50. Ne8 Nd8
51. Kf2 Ne6 52. Ke3 Ng7 53. Nd6 Kf6 54. Kf4 Ne6+ 55. Ke3 Nc5 56. Ne8+ Ke7
57. Nc7 Ne6 58. Kd3 f4 59. Ke4 fxg3 60. Nd5+ Kf7 61. Ne3 g2 62. Nxg2 fxg2
63. Kf5 g1=Q 64. Ke4 Qf2 65. Ke5 Qxh4 66. Kd5 Qf6 {White forfeits on time}
0-1

[Event "ICCopen2017"]
[Site "Internet Chess Club"]
[Date "2017.03.25"]
[Round "9"]
[White "TerryR"]
[Black "HuevosDeLeon"]
[Result "0-1"]
[ICCResult "White checkmated"]
[WhiteElo "2282"]
[BlackElo "2592"]
[Opening "Nimzo-Indian: 4.e3 e8g8, 5.Nf3 d7d5"]
[ECO "E51"]
[NIC "NI.27"]
[Time "15:44:41"]
[TimeControl "180+0"]

1. d4 Nf6 2. Nf3 d5 3. c4 e6 4. Nc3 Bb4 5. e3 O-O 6. Bd2 c5 7. a3 Bxc3 8.
Bxc3 Ne4 9. Qc2 Nxc3 10. Qxc3 cxd4 11. Nxd4 Nc6 12. Rd1 Bd7 13. cxd5 exd5
14. Nxc6 bxc6 15. Be2 Rb8 16. O-O a5 17. b4 axb4 18. axb4 Qb6 19. Rd4 Ra8
20. Rc1 Rfb8 21. Bg4 Be8 22. Bd1 Ra2 23. h3 h6 24. Rg4 g6 25. Qe5 Bd7 26.
Rh4 Re8 27. Qd6 Rxe3 28. Rf4 Re1+ 29. Kh2 Rxf2 30. Ra1 Rxf4 31. Qxf4 Qg1+
32. Kg3 Re3+ 33. Bf3 Rxf3+ 34. Kxf3 Qxa1 35. Qb8+ Kg7 36. Qd6 Qc3+ 37. Ke2
Qc4+ 38. Kf2 Bf5 39. Qe5+ Kh7 40. Qc7 d4 41. Qd6 d3 42. g4 Qc2+ 43. Ke3 Qe2+
44. Kf4 d2 45. gxf5 d1=Q 46. fxg6+ fxg6 47. Qc7+ Kg8 48. Qc8+ Kf7 49. Qb7+
Qe7 50. Qxc6 Qf1+ 51. Kg3 Qe3+ 52. Kg4 Qff4# {White checkmated} 0-1

[Event "ICCopen2017"]
[Site "Internet Chess Club"]
[Date "2017.03.25"]
[Round "9"]
[White "DarthVadar"]
[Black "GreyWarden"]
[Result "1/2-1/2"]
[ICCResult "White ran out of time and Black has no material to mate"]
[WhiteElo "1819"]
[BlackElo "1963"]
[Opening "Four knights: symmetrical, Maróczy system"]
[ECO "C49"]
[NIC "KP.03"]
[Time "15:44:28"]
[TimeControl "180+0"]

1. e4 e5 2. Nf3 Nc6 3. Nc3 Nf6 4. Bb5 Bb4 5. O-O O-O 6. d3 d6 7. Ne2 h6 8.
Ng3 a6 9. Bc4 Re8 10. h3 Be6 11. Bb3 d5 12. c3 Ba5 13. Qe2 dxe4 14. dxe4
Bxb3 15. axb3 Bb6 16. Nf5 Qd7 17. N3h4 Rad8 18. Be3 Bxe3 19. Qxe3 Qd3 20.
Nxh6+ gxh6 21. Qxh6 Qxe4 22. Qxf6 Ne7 23. Rfe1 Qf4 24. Qxf4 exf4 25. Nf3 Nd5
26. Rxe8+ Rxe8 27. Rd1 c6 28. c4 Nb4 29. Rd4 Re2 30. Rxf4 Rxb2 31. Ne5 Rxb3
32. Rxf7 Nd3 33. Re7 Kf8 34. Re6 Nxe5 35. Rxe5 a5 36. Rxa5 Ke7 37. h4 Kf6
38. g4 Rb4 39. Rc5 Ke6 40. Kg2 Kd6 41. Rf5 Rxc4 42. h5 Rxg4+ 43. Kh3 Rg8 44.
h6 Rg1 45. Rh5 Rg8 46. h7 Rh8 47. Kg4 Ke7 48. Kg5 Kf7 49. Kh6 Ke6 50. Rg5
Kf6 51. Rg8 Rxh7+ 52. Kxh7 b5 53. Rc8 Ke5 54. Rxc6 Kd4 55. Rb6 Kc4 56. Rxb5
Kxb5 57. f4 Kc5 58. f5 Kd6 59. Kg6 Ke7 60. f6+ Kf8
{White ran out of time and Black has no material to mate}
1/2-1/2

[Event "ICCopen2017"]
[Site "Internet Chess Club"]
[Date "2017.03.25"]
[Round "9"]
[White "JESSEJOSE"]
[Black "uncledougie"]
[Result "0-1"]
[ICCResult "White checkmated"]
[WhiteElo "1567"]
[BlackElo "1919"]
[Opening "Sicilian: dragon variation"]
[ECO "B70"]
[NIC "SI.15"]
[Time "15:44:47"]
[TimeControl "180+0"]

1. e4 c5 2. Nf3 d6 3. d4 cxd4 4. Nxd4 Nf6 5. Nc3 g6 6. g3 Nc6 7. Nde2 Bg7 8.
Bg2 O-O 9. O-O Bg4 10. h3 Bxe2 11. Qxe2 Rc8 12. Rd1 Qa5 13. Nd5 Nxd5 14.
exd5 Ne5 15. c3 Rfe8 16. Bf4 Nc4 17. Kh2 b5 18. Bg5 h6 19. Be3 Nxe3 20. Qxe3
Qc7 21. Rac1 a5 22. Re1 Kh7 23. Qd3 Qc4 24. Qxc4 Rxc4 25. Rcd1 Rc5 26. Re3
b4 27. cxb4 axb4 28. Rde1 Bf6 29. a3 bxa3 30. bxa3 Ra8 31. Rb3 Rca5 32. Ree3
Kg7 33. h4 Kf8 34. Kh3 Bd4 35. Red3 Bc5 36. Rb7 Rxa3 37. Rxa3 Rxa3 38. Rb8+
Kg7 39. Re8 Kf6 40. Rh8 Bxf2 41. Rxh6 Bxg3 42. Kg4 Be5 43. Rh7 Rg3#
{White checkmated}
0-1

[Event "ICCopen2017"]
[Site "Internet Chess Club"]
[Date "2017.03.25"]
[Round "9"]
[White "MysteryRook"]
[Black "Eliezer"]
[Result "1-0"]
[ICCResult "Black forfeits on time"]
[WhiteElo "1773"]
[BlackElo "1549"]
[Opening "Vienna game, Max Lange defense"]
[ECO "C25"]
[NIC "VG.04"]
[Time "15:44:41"]
[TimeControl "180+0"]

1. e4 e5 2. Nc3 Nc6 3. Bc4 d6 4. d3 Nf6 5. f4 Be7 6. Nf3 Bg4 7. h3 Bxf3 8.
Qxf3 Nd4 9. Qf2 c6 10. Be3 c5 11. O-O O-O 12. Nd5 Nxd5 13. Bxd5 Rb8 14. c3
Kh8 15. cxd4 cxd4 16. Bd2 f6 17. f5 Qe8 18. Rfc1 Qb5 19. Qe2 Rfc8 20. Be1
Rc5 21. Bc4 Qd7 22. Bb4 Rc7 23. Be6 Qd8 24. Qd2 b6 25. Rxc7 Qxc7 26. Rc1 Qd8
27. Qc2 a5 28. Ba3 b5 29. Qc7 b4 30. Qxd8+ Rxd8 31. Rc7 Bf8 32. Bxb4 axb4
33. a3 bxa3 34. bxa3 h6 35. a4 Ra8 36. Rf7 Rxa4 37. Rxf8+ Kh7 38. Rd8 h5 39.
Rxd6 Ra1+ 40. Kh2 Rd1 41. Bc4 Kh6 42. h4 Rd2 43. Ra6 Kh7 44. Ra2 Rd1 45. Rf2
Ra1 46. g4 hxg4 47. Kg3 Ra7 48. Kxg4 Kh6 49. Kh3 Kh7 50. Rg2 Kh8 51. Rg6 Kh7
52. Kg4 Kh8 53. h5 Kh7 54. h6 Rc7 55. hxg7 Rxg7 56. Rxg7+ Kxg7 57. Kh5 Kf8
58. Kg6 Ke7 59. Kg7 Kd6 60. Kxf6 Kc5 61. Kxe5 Kb4 62. f6 Kc3 63. Kd5 Kd2 64.
Kxd4 Ke2 65. e5 Kf3 66. e6 Kf4 67. e7 Kg4 68. e8=Q Kg5 69. Qe7 Kf5 70. f7
Kg4 71. f8=Q Kg3 72. Qeg7+ {Black forfeits on time} 1-0

[Event "ICCopen2017"]
[Site "Internet Chess Club"]
[Date "2017.03.25"]
[Round "9"]
[White "Cowboystiefel"]
[Black "Eigeneier"]
[Result "1-0"]
[ICCResult "Black forfeits on time"]
[WhiteElo "2134"]
[BlackElo "1945"]
[Opening "King's Indian: fianchetto, Panno variation"]
[ECO "E63"]
[NIC "KI.71"]
[Time "15:45:10"]
[TimeControl "180+0"]

1. d4 Nf6 2. c4 g6 3. g3 Bg7 4. Bg2 O-O 5. Nf3 d6 6. Nc3 Nc6 7. O-O a6 8.
Qd3 e5 9. dxe5 Nxe5 10. Nxe5 dxe5 11. Qxd8 Rxd8 12. Bg5 Re8 13. Rad1 c6 14.
Bxf6 Bxf6 15. Ne4 Be7 16. Rd2 Be6 17. b3 Bb4 18. Rd3 Kg7 19. Rfd1 h6 20. Nd6
Bxd6 21. Rxd6 f5 22. e3 Kf7 23. h4 Ke7 24. h5 g5 25. f4 gxf4 26. gxf4 exf4
27. exf4 Rad8 28. Rxd8 Rxd8 29. Rxd8 Kxd8 30. Kf2 Kd7 31. Ke3 Kd6 32. Kd3 b6
33. Kc3 c5 34. Bf3 Bd7 35. a3 Bc6 36. Be2 Be4 37. b4 a5 38. Kb3 Bc6 39. Kc3
axb4+ 40. axb4 Ke6 41. Bd1 Kd6 42. Kb3 Ke6 43. Kc3 Kd6 44. Be2 Ke6 45. Kb3
Kd6 46. Ka3 Ke6 47. Bd1 Kd6 48. Ba4 Bxa4 49. Kxa4 cxb4 50. Kxb4 Kc6 51. Kb3
Kc5 52. Kc3 Kc6 53. Kd3 Kc5 54. Kc3 Kc6 55. Kb4 Kc7 56. Kb5 Kb7 57. Ka4 Kc6
58. Kb4 Kd6 59. Kb5 Kc7 60. Ka4 Kc6 61. Kb3 Kc5 62. Kc3 Kc6 63. Kd4 Kd6 64.
Ke3 Kc5 65. Kd3 Kd6 66. c5+ Kxc5 67. Kc3 Kd5 68. Kd3 b5 69. Kc3 b4+ 70. Kd3
{Black forfeits on time}
1-0

[Event "ICCopen2017"]
[Site "Internet Chess Club"]
[Date "2017.03.25"]
[Round "9"]
[White "jps7"]
[Black "jasrom"]
[Result "0-1"]
[ICCResult "White forfeits on time"]
[WhiteElo "1563"]
[BlackElo "1990"]
[Opening "Queen's pawn game"]
[ECO "D05"]
[NIC "QP.08"]
[Time "15:44:19"]
[TimeControl "180+0"]

1. d4 d5 2. Nf3 e6 3. e3 Nf6 4. Bd3 b6 5. O-O Bb7 6. Nbd2 Nbd7 7. b3 Bd6 8.
Bb2 Ne4 9. Ne5 O-O 10. Nxe4 dxe4 11. Be2 f6 12. Nc4 Be7 13. Nd2 Bd6 14. c4
f5 15. Qc2 Qh4 16. g3 Qh3 17. Rfe1 Nf6 18. Bf1 Qh5 19. h3 Rac8 20. Qd1 Qg6
21. Bg2 Nh5 22. Nf1 Rcd8 23. Qe2 Qh6 24. f4 g5 25. Rad1 Qg6 26. d5 exd5 27.
cxd5 Bb4 28. Qc4 Bxe1 29. Rxe1 Rf7 30. Qd4 Qf6 31. Qxf6 Nxf6 32. Bxf6 Rxf6
33. fxg5 Rg6 34. h4 Rxd5 35. Bh3 Bc8 36. Rc1 c5 37. Kf2 Rgd6 38. h5 Kg7 39.
Rc2 Ba6 40. Nh2 Rd2+ 41. Rxd2 Rxd2+ 42. Kg1 Bc8 43. Nf1 Rxa2 44. Bg2 b5 45.
Kh2 c4 46. g4 cxb3 47. gxf5 Bxf5 48. Ng3 Bg4 49. h6+ Kg6 50. Nxe4 Bf3 51.
Nc3 Rxg2+ 52. Kh3 Kxg5 53. Nxb5 b2 54. Nd4 Be4 {White forfeits on time} 0-1

[Event "ICCopen2017"]
[Site "Internet Chess Club"]
[Date "2017.03.25"]
[Round "9"]
[White "icewoman"]
[Black "Datwinnik"]
[Result "0-1"]
[ICCResult "White checkmated"]
[WhiteElo "1066"]
[BlackElo "1319"]
[Opening "Queen's pawn game, Chigorin variation"]
[ECO "D02"]
[NIC "QP.08"]
[Time "15:45:17"]
[TimeControl "180+0"]

1. d4 d5 2. Nf3 Nc6 3. e3 Bg4 4. Nbd2 Nf6 5. Bd3 g6 6. b3 Bg7 7. Bb2 O-O 8.
O-O Nd7 9. h3 Bxf3 10. Nxf3 e5 11. Nxe5 Ncxe5 12. dxe5 Nxe5 13. Qf3 Nxf3+
14. gxf3 Bxb2 15. Rad1 Qg5+ 16. Kh1 Qh4 17. Kh2 Be5+ 18. f4 Bd6 19. c4 dxc4
20. Bxc4 Rad8 21. Bb5 Bxf4+ 22. exf4 Qxf4+ 23. Kg2 Qg5+ 24. Kh2 Qxb5 25. Kg2
Qe2 26. Rxd8 Rxd8 27. a4 Rd3 28. b4 Rxh3 29. Kxh3 Qxf1+ 30. Kg3 Qd3+ 31. Kg2
Qc4 32. Kg3 Qxb4 33. Kh2 Qxa4 34. Kg2 Qc2 35. Kg3 Qxf2+ 36. Kh3 a5 37. Kg4
h5+ 38. Kg5 Qf5+ 39. Kh4 Qg4# {White checkmated} 0-1

[Event "ICCopen2017"]
[Site "Internet Chess Club"]
[Date "2017.03.25"]
[Round "9"]
[White "WhiteMoon"]
[Black "Hacker21"]
[Result "1-0"]
[ICCResult "Black forfeits on time"]
[WhiteElo "2024"]
[BlackElo "1820"]
[Opening "King's Indian, 3.Nf3"]
[ECO "E61"]
[NIC "QP.06"]
[Time "15:44:48"]
[TimeControl "180+0"]

1. d4 Nf6 2. Nf3 g6 3. c4 Bg7 4. Nc3 O-O 5. Bg5 c5 6. d5 d6 7. e4 b5 8. cxb5
a6 9. bxa6 Qb6 10. Qd2 Bxa6 11. Be2 Nbd7 12. O-O Rfb8 13. Rab1 Bxe2 14. Qxe2
h6 15. Bh4 Qb4 16. h3 Nb6 17. Bg3 Nfd7 18. e5 Nc4 19. e6 Nde5 20. exf7+ Kxf7
21. Nxe5+ Nxe5 22. f4 Nc4 23. f5 g5 24. Qh5+ Kg8 25. f6 exf6 26. Rbe1 Ne5
27. Ne4 Qxb2 28. Nxd6 Rxa2 29. Rf2 Qd4 30. Rxe5 Rxf2 31. Re8+ Kh7 32. Bxf2
Rb1+ 33. Kh2 Qxf2 34. Qf3 Qg1+ 35. Kg3 Rf1 36. Qe3 Qxe3+ 37. Rxe3 f5 38. Re7
f4+ 39. Kh2 Kg6 40. Ne4 Re1 41. Re6+ Kf7 42. Nxg5+ {Black forfeits on time}
1-0

[Event "ICCopen2017"]
[Site "Internet Chess Club"]
[Date "2017.03.25"]
[Round "9"]
[White "bspurt"]
[Black "Renos"]
[Result "1-0"]
[ICCResult "Black forfeits on time"]
[WhiteElo "2096"]
[BlackElo "1723"]
[Opening "French: Wing gambit"]
[ECO "C00"]
[NIC "FR.01"]
[Time "15:45:38"]
[TimeControl "180+0"]

1. e4 e6 2. Nf3 d5 3. e5 c5 4. b4 b6 5. bxc5 bxc5 6. g3 Nc6 7. Bg2 Ba6 8. d3
Nge7 9. O-O Ng6 10. Re1 Qc7 11. Qe2 Nd4 12. Nxd4 cxd4 13. Bb2 Bc5 14. Nd2
Rb8 15. Nb3 Qb6 16. a4 O-O 17. a5 Qb4 18. Ba3 Qxa3 19. Rxa3 Bxa3 20. Nxd4
Rfc8 21. Nb3 Bb4 22. Rd1 Bc3 23. f4 Ne7 24. g4 Rb5 25. Rf1 Bxa5 26. f5 Bb6+
27. Kh1 Rb4 28. f6 Ng6 29. fxg7 Kxg7 30. h3 Nf4 31. Qd2 Nxg2 32. Qxg2 Bb7
33. Kh2 {Black forfeits on time} 1-0

[Event "ICCopen2017"]
[Site "Internet Chess Club"]
[Date "2017.03.25"]
[Round "9"]
[White "devotional"]
[Black "Boing777"]
[Result "0-1"]
[ICCResult "White checkmated"]
[WhiteElo "2079"]
[BlackElo "2426"]
[Opening "French: Chigorin variation"]
[ECO "C00"]
[NIC "FR.01"]
[Time "15:44:57"]
[TimeControl "180+0"]

1. e4 e6 2. Qe2 e5 3. Nf3 Nc6 4. g3 Bc5 5. c3 Nf6 6. b4 Bb6 7. b5 Na5 8.
Nxe5 Qe7 9. d4 d6 10. Nf3 Nxe4 11. Bg2 d5 12. O-O Be6 13. Nfd2 O-O-O 14.
Nxe4 dxe4 15. Qxe4 Qd7 16. Ba3 Qxb5 17. Nd2 c6 18. Rfb1 Qa4 19. Be7 Rd7 20.
Rb4 Qa3 21. Rxb6 Qxe7 22. Rb2 Qa3 23. Qc2 Nc4 24. Nxc4 Bxc4 25. Rab1 Re8 26.
Bxc6 bxc6 27. Rb8+ Kc7 28. R1b7+ Kd6 29. Rxd7+ Kxd7 30. Rb7+ Kc8 31. Qb1 Qa6
32. Rb8+ Kd7 33. Qf5+ Be6 34. Qf4 Rxb8 35. Qxb8 Qb6 36. Qa8 Qb1+ 37. Kg2
Bd5+ 38. f3 Qc2+ 39. Kh3 Qf5+ 40. Kh4 g5+ 41. Kh5 Bxf3+ 42. Kh6 Qg6#
{White checkmated}
0-1

[Event "ICCopen2017"]
[Site "Internet Chess Club"]
[Date "2017.03.25"]
[Round "9"]
[White "Buscapina"]
[Black "notetengomiedo"]
[Result "1-0"]
[ICCResult "Black forfeits on time"]
[WhiteElo "2141"]
[BlackElo "1833"]
[Opening "French: MacCutcheon, Chigorin variation"]
[ECO "C12"]
[NIC "FR.05"]
[Time "15:44:54"]
[TimeControl "180+0"]

1. e4 e6 2. d4 d5 3. Nc3 Nf6 4. Bg5 Bb4 5. e5 h6 6. exf6 hxg5 7. fxg7 Rg8 8.
Qh5 Qf6 9. h4 gxh4 10. Rxh4 Qxg7 11. Nf3 Bd7 12. Ne5 Nc6 13. Rg4 Qf8 14.
Nxd7 Kxd7 15. Bb5 Bxc3+ 16. bxc3 Rh8 17. Qe5 Rh1+ 18. Kd2 Rxa1 19. Rg7 Qd8
20. Rxf7+ Kc8 21. Qxe6+ Kb8 22. Qf5 a6 23. Bxc6 bxc6 24. Rf8 Kb7 25. Rxd8
Rxd8 26. g4 Re8 27. g5 Rae1 28. c4 dxc4 29. g6 R1e2+ 30. Kc3 c5 31. dxc5
R8e4 32. g7 Re8 33. Qf7 R2e7 34. Qxe7 {Black forfeits on time} 1-0

[Event "ICCopen2017"]
[Site "Internet Chess Club"]
[Date "2017.03.25"]
[Round "9"]
[White "lagarto300"]
[Black "TrendFriend"]
[Result "0-1"]
[ICCResult "White forfeits on time"]
[WhiteElo "1980"]
[BlackElo "2346"]
[Opening "Old Benoni defense"]
[ECO "A44"]
[NIC "OI.09"]
[Time "15:45:20"]
[TimeControl "180+0"]

1. d4 c5 2. d5 e5 3. c4 d6 4. Nc3 Be7 5. e4 Bg5 6. Bxg5 Qxg5 7. Nf3 Qe7 8.
g3 Bg4 9. Bg2 Nf6 10. h3 Bxf3 11. Bxf3 O-O 12. Bg2 Nbd7 13. O-O a6 14. a4 b6
15. Qe2 Rfe8 16. Rae1 h6 17. f4 Rab8 18. f5 Nh7 19. h4 Kh8 20. Bf3 g6 21.
fxg6 fxg6 22. Kg2 Ndf6 23. Rf2 Rf8 24. Ref1 Kg7 25. Bg4 Ne8 26. Rxf8 Nxf8
27. Bh3 Nc7 28. h5 g5 29. Rf2 Nh7 30. Bf5 Nf6 31. Bg6 Qd7 32. Rf5 b5 33.
axb5 axb5 34. Qf1 Qe7 35. cxb5 Na8 36. Kh1 Nb6 37. Ne2 Ra8 38. Ng1 Ra2 39.
Qf2 Nc4 40. Qe2 Nb6 41. Nh3 c4 42. Nf2 c3 43. Ng4 Nbd7 44. Qc4 Ra1+ 45. Kg2
cxb2 46. Rf1 b1=Q 47. Rxb1 Rxb1 48. Ne3 Rb2+ {White forfeits on time} 0-1

[Event "ICCopen2017"]
[Site "Internet Chess Club"]
[Date "2017.03.25"]
[Round "9"]
[White "audipudy"]
[Black "iamGodskid"]
[Result "0-1"]
[ICCResult "White checkmated"]
[WhiteElo "1555"]
[BlackElo "1354"]
[Opening "Pirc: Austrian attack, 6.Bd3"]
[ECO "B06"]
[NIC "PU.02"]
[Time "15:45:50"]
[TimeControl "180+0"]

1. e4 g6 2. d4 d6 3. Nc3 Bg7 4. f4 Nf6 5. Nf3 O-O 6. Bd3 Bg4 7. h3 Bxf3 8.
Qxf3 Nc6 9. Be3 e5 10. dxe5 dxe5 11. O-O-O exf4 12. Bxf4 Qe7 13. Nd5 Qe6 14.
Kb1 Rac8 15. Rhe1 Ne5 16. Nxf6+ Bxf6 17. g4 Nxf3 18. Rf1 Qb6 19. e5 Nxe5 20.
Bxe5 Bxe5 21. b3 Qd4 22. Kc1 Qb2+ 23. Kd2 Bc3+ 24. Ke2 Rce8+ 25. Kf2 Bg7 26.
Kg2 Qe5 27. Rf2 Qd5+ 28. Kh2 Be5+ 29. Kg1 Bd4 30. Rf1 Bxf2+ 31. Rxf2 Qd4 32.
Kg2 Re1 33. a4 Qd5+ 34. Kg3 Qh1 35. Rg2 Rfe8 36. Rf2 Rg1+ 37. Kh4 Re3 38.
Bc4 Qxh3+ 39. Kg5 Qxg4+ 40. Kf6 Qe4 41. Bxf7+ Kf8 42. Bc4 Qe5#
{White checkmated}
0-1

[Event "ICCopen2017"]
[Site "Internet Chess Club"]
[Date "2017.03.25"]
[Round "9"]
[White "motipen"]
[Black "tigerr"]
[Result "0-1"]
[ICCResult "White forfeits on time"]
[WhiteElo "1814"]
[BlackElo "1963"]
[Opening "Bogo-Indian defense"]
[ECO "E11"]
[NIC "QI.01"]
[Time "15:45:38"]
[TimeControl "180+0"]

1. d4 e6 2. c4 Nf6 3. Nf3 Bb4+ 4. Bd2 Bxd2+ 5. Qxd2 O-O 6. Nc3 d6 7. e4 c5
8. Be2 Nc6 9. O-O cxd4 10. Nxd4 Qe7 11. Nb3 Rd8 12. Rfd1 b6 13. Rac1 Bb7 14.
f3 Rac8 15. Nd4 Ne5 16. b3 a6 17. h3 h6 18. f4 Ng6 19. Bf3 Qc7 20. Kh1 Qb8
21. f5 exf5 22. Nxf5 Ne5 23. Nxd6 Rc6 24. Qf4 Rcxd6 25. Rxd6 Rxd6 26. Nd5
Qe8 27. Rd1 Nxd5 28. exd5 Rf6 29. Qe4 Qb8 30. Be2 Nd7 31. Bg4 Nc5 32. Qe3
Qd6 33. Re1 Kh7 34. Bd1 g6 35. Qe8 Kg7 {White forfeits on time} 0-1

[Event "ICCopen2017"]
[Site "Internet Chess Club"]
[Date "2017.03.25"]
[Round "9"]
[White "Cramagica"]
[Black "MrsPiggy"]
[Result "1-0"]
[ICCResult "Black forfeits on time"]
[WhiteElo "1106"]
[BlackElo "1300"]
[Opening "Réti opening"]
[ECO "A06"]
[NIC "QP.09"]
[Time "15:45:08"]
[TimeControl "180+0"]

1. Nf3 d5 2. Nc3 c6 3. d4 Nf6 4. Bg5 h6 5. Bh4 Nbd7 6. e3 e6 7. Qd2 Be7 8.
Ne5 O-O 9. f4 c5 10. O-O-O Ne4 11. Bxe7 Qxe7 12. Nxe4 dxe4 13. dxc5 Nxc5 14.
Bc4 a6 15. Qb4 a5 16. Qc3 b6 17. g4 Bb7 18. h4 Kh8 19. g5 h5 20. g6 f6 21.
Nf7+ Kg8 22. Rd6 Ba6 23. Rxb6 Bxc4 24. Qxc4 Rac8 25. Qb5 Nd7 26. Rc6 Qe8 27.
Rxc8 Qxc8 28. Qxa5 Qc6 29. Rd1 Rc8 30. c3 Qc7 31. Qxc7 {Black forfeits on
time} 1-0

[Event "ICCopen2017"]
[Site "Internet Chess Club"]
[Date "2017.03.25"]
[Round "9"]
[White "Simba"]
[Black "LouiseErdrich"]
[Result "0-1"]
[ICCResult "White forfeits on time"]
[WhiteElo "1014"]
[BlackElo "1112"]
[Opening "Philidor's defense"]
[ECO "C41"]
[NIC "KP.10"]
[Time "15:44:59"]
[TimeControl "180+0"]

1. e4 e5 2. Nf3 d6 3. Bc4 Be7 4. O-O Nf6 5. d3 O-O 6. Bg5 h6 7. Bxf6 Bxf6 8.
Nbd2 Nc6 9. Bd5 Ne7 10. Bb3 Kh8 11. Ne1 Ng6 12. Ndf3 Bg4 13. a4 a6 14. a5
Qd7 15. Qe2 Nf4 16. Qe3 c6 17. Ba4 Rab8 18. Qb6 d5 19. exd5 Qxd5 20. Bb3 Qd6
21. Qe3 Be6 22. Bxe6 fxe6 23. b3 Qe7 24. Ra4 Bg5 25. Nxg5 Qxg5 26. Qg3 Qf6
27. Nf3 Ne2+ 28. Kh1 Nxg3+ 29. fxg3 Qe7 30. Re4 Kh7 31. Rxe5 Rbd8 32. Re4
Rd5 33. Rfe1 Rxa5 34. Rxe6 Qf7 35. R6e3 Ra2 36. R1e2 Qd5 37. Re4 Ra1+
{White forfeits on time}
0-1

[Event "ICCopen2017"]
[Site "Internet Chess Club"]
[Date "2017.03.25"]
[Round "9"]
[White "fisek2007"]
[Black "BronStorm"]
[Result "1-0"]
[ICCResult "Black forfeits on time"]
[WhiteElo "2309"]
[BlackElo "1862"]
[Opening "Nimzo-Indian: classical, Pirc variation"]
[ECO "E39"]
[NIC "NI.21"]
[Time "15:45:27"]
[TimeControl "180+0"]

1. d4 Nf6 2. c4 e6 3. Nc3 Bb4 4. Qc2 c5 5. dxc5 O-O 6. Bg5 h6 7. Bh4 Na6 8.
e3 Nxc5 9. a3 Bxc3+ 10. Qxc3 Nce4 11. Qd4 d6 12. Rd1 Qa5+ 13. Ke2 e5 14. Qd3
g5 15. Bg3 Bf5 16. Qb3 Qc7 17. f3 Nc5 18. Qc3 Na4 19. Qb4 b5 20. Kf2 a6 21.
h4 g4 22. Qxd6 Qxd6 23. Rxd6 Ne8 24. Rd2 f6 25. cxb5 axb5 26. Bxb5 Nc7 27.
Bxa4 Rxa4 28. Ne2 Rb8 29. Nc3 Rc4 30. Rhd1 Nb5 31. Nxb5 Rxb5 32. e4 Be6 33.
Kg1 Kf7 34. Bf2 gxf3 35. gxf3 Rb3 36. Rd3 Rxd3 37. Rxd3 Rc1+ 38. Kg2 Rc2 39.
b4 Bc4 40. Re3 {Black forfeits on time} 1-0

[Event "ICCopen2017"]
[Site "Internet Chess Club"]
[Date "2017.03.25"]
[Round "9"]
[White "arnav311004"]
[Black "arshavin2015"]
[Result "1-0"]
[ICCResult "Black resigns"]
[WhiteElo "1767"]
[BlackElo "1979"]
[Opening "Réti opening"]
[ECO "A04"]
[NIC "QP.11"]
[Time "15:45:12"]
[TimeControl "180+0"]

1. Nf3 g6 2. g3 Bg7 3. Bg2 e5 4. d3 Nc6 5. O-O d6 6. c4 Nge7 7. Nc3 h6 8. a3
Bg4 9. b4 Qd7 10. Qc2 Bxf3 11. exf3 Nd4 12. Qd1 O-O 13. Rb1 c6 14. f4 f5 15.
Be3 exf4 16. Bxf4 Ne6 17. Bd2 f4 18. Bh3 Nf5 19. Re1 Rae8 20. Ne2 Ng5 21.
Nxf4 Nxh3+ 22. Nxh3 Nxg3 23. hxg3 Qxh3 24. Rxe8 Rxe8 25. Qf3 Rf8 26. Qg2 Qf5
27. Rb3 Bd4 28. Be3 Bxe3 29. fxe3 Qf3 30. Qxf3 Rxf3 31. d4 Rxg3+ 32. Kf2 Rg5
33. a4 Kf7 34. b5 cxb5 35. axb5 h5 36. Ra3 h4 37. Rxa7 h3 38. Rxb7+ Ke6 39.
Rh7 Rg2+ 40. Kf3 Rc2 41. Rxh3 Rxc4 42. Rh7 Kf6 43. Rb7 d5 44. Rb8 Rc1 45. b6
Kg5 46. b7 Rf1+ 47. Ke2 Rb1 48. Kd3 Kg4 49. Kc2 Rb6 50. e4 dxe4 51. d5 e3
52. Kd3 Rb3+ 53. Ke2 g5 54. d6 Rb2+ 55. Kxe3 Rxb7 56. Rxb7 Kh4 57. Rf7
{Black resigns}
1-0